[Event "*** MasterClass Titled Tuesday Blitz"]
[Site "Chess.com"]
[Date "2017.10.03"]
[Round "6"]
[White "sergiochess83"]
[Black "joppie2"]
[Result "1-0"]
[WhiteElo "2722"]
[BlackElo "2584"]
[TimeControl "180+2"]
[EndTime "14:24:22 PDT"]
[Termination "sergiochess83 won by checkmate"]

1. e4 e5 2. Nf3 Nc6 3. Bc4 Bc5 4.
O-O Nf6 5. d3 d6 6. c3 a6 7. a4 O-O 8. h3 Be6 9. Bxe6 fxe6 10. b4 Ba7 11. Nbd2 Nh5 12. Nc4 Qe8 13. Ra2 Ne7 14. d4 exd4 15. Nxd4 Nc6 16. Nxc6 bxc6 17. Qg4 Nf6 18. Qe2 e5 19. Na5 Nh5 20. Qc4+ Kh8 21.
Nxc6 Bb6 22. a5 Bc5 23. Nxe5 Qxe5 24. bxc5 dxc5 25. Be3 Nf4 26. Rd2 h6 27. f3 Rf6 28.
Qxc5 Qxc5 29. Bxc5 Rc6 30. Bd4 Ne6 31. Rb1 Kg8 32. Kf2 Kf7 33. Ke3 Re8 34. Rb7 g5 35. Be5 Rc5 36. Rd5 Rxd5 37. exd5 Nf4 38.
Rxc7+ Kg6 39. Rc6+ Kf5 40. Kd4 Rxe5 41. g4# 1-0

[Event "*** MasterClass Titled Tuesday Blitz"]
[Site "Chess.com"]
[Date "2017.10.03"]
[Round "6"]
[White "cheese111"]
[Black "Tarlev_Konstantin"]
[Result "0-1"]
[WhiteElo "2378"]
[BlackElo "2606"]
[TimeControl "180+2"]
[EndTime "14:24:23 PDT"]
[Termination "Tarlev_Konstantin won on time"]

1. e4 c5 2. Nf3 e6 3. g3 Nc6 4. Bg2 d6 5. O-O Nf6 6. Qe2 Be7 7. c3 e5 8. Rd1 O-O 9. h3 b6 10. d4 Qc7 11. Na3 a6 12. Nc4 Re8 13. a4 Bb7 14. d5 Nb8 15. Nfxe5 b5 16. axb5 axb5 17. Rxa8 Bxa8 18. Na3 dxe5 19. d6 Qb6 20. dxe7 Bc6 21. Be3 Nbd7 22. Nc2 Qb7 23. f3 Rxe7 24. b4 c4 25. Ra1 Re8 26. Ra7 Qb8 27. g4 h6 28.
Qd2 Rd8 29. Qf2 Nf8 30. h4 Ne6 31. g5 hxg5 32. hxg5 Nh5 33. g6 fxg6 34. Qh4 Rd7 35. Rxd7 Bxd7 36. Qe7 Qe8 37. Qd6 Nef4 38. Ne1 Kh7 39.
Bf2 Bh3 40. Bxh3 Nxh3+ 41. Kf1 N3f4 42. Nc2 Qc8 43. Ne3 Qh3+ 44. Ke1 Qxf3 45. Qd1 Nd3+ 0-1

[Event "*** MasterClass Titled Tuesday Blitz"]
[Site "Chess.com"]
[Date "2017.10.03"]
[Round "6"]
[White "iusegine"]
[Black "toad"]
[Result "1-0"]
[WhiteElo "2298"]
[BlackElo "2105"]
[TimeControl "180+2"]
[EndTime "14:24:32 PDT"]
[Termination "iusegine won on time"]

1. e4 c5 2. Nf3 d6 3. d4 cxd4 4. Nxd4 Nf6 5. Nc3 a6 6. h3 e6 7. g4 b5 8. g5 Nfd7 9. Be3 Bb7 10.
a3 Nb6 11. h4 Nc6 12. h5 Ne5 13. Qe2 Nec4 14. O-O-O Be7 15. f4 d5 16. e5 b4 17.
axb4 Bxb4 18. Nb1 Nxb2 19. Kxb2 Nc4+ 20. Kc1 Qa5 21. Rd3 Qa1 22. Rb3 Ba3+ 23. Kd1 Bb2 24. Ke1 Qxb1+ 25. Kf2 Nxe3 26. Kxe3 Bxd4+ 27. Kxd4 Qa1+ 28. c3 Bc6 29. Bg2 Qa5 30. Qb2 O-O 31. Ra1 Qc7 32.
Ke3 Bb5 33. Qd2 f6 34. Qd4 fxg5 35. fxg5 Qf7 36. Qh4 Qf5 37. c4 Bxc4 38. Rc3 Rab8 39. Raa3 Rb2 40. Rxc4 dxc4 41. Be4 Qf2+ 42. Qxf2 Rfxf2 43.
Rxa6 Ra2 44. Rc6 Rfb2 45. Rc8+ Kf7 46. Bxh7 Ra3+ 47. Kd4 1-0

[Event "*** MasterClass Titled Tuesday Blitz"]
[Site "Chess.com"]
[Date "2017.10.03"]
[Round "6"]
[White "amaidel"]
[Black "Noukii"]
[Result "0-1"]
[WhiteElo "2432"]
[BlackElo "2689"]
[TimeControl "180+2"]
[EndTime "14:24:34 PDT"]
[Termination "Noukii won by resignation"]

1. d4 d5 2. Bf4 Nf6 3. e3 e6 4. h3 Bd6 5. Bxd6 Qxd6 6. Bd3 O-O 7. c3 c5 8. Nf3 Nbd7 9. O-O b6 10. Nbd2 Bb7 11.
Qe2 e5 12. dxe5 Nxe5 13. Nxe5 Qxe5 14. Rad1 Rad8 15. Rfe1 Rfe8 16. Bb5 Rf8 17. Bd3 g6 18. e4 dxe4 19. Nxe4 Nxe4 20. f3 f5 21. fxe4 f4 22.
Bc4+ Kg7 23. Bd5 Bc8 24. Rd3 g5 25. Qf2 h5 26. Rf1 Rd6 27. Rf3 Rdf6 28. Rd3 g4 29.
Qh4 Rg6 30. Kh1 Rg5 31. Bc6 f3 32. g3 Be6 33. Kh2 Rg6 34. Rf2 Rff6 35. Bd5 Bc8 36. a3 Ba6 37. Re3 Bc8 38. Rd3 Rd6 39. c4 Qf6 40. Qxf6+ Kxf6 41. b4 Ke5 42. bxc5 bxc5 43.
Rb3 Rb6 44. Rfb2 Rxb3 45. Rxb3 Rb6 46. Rxb6 axb6 47. Bf7 gxh3 48. Bxh5 f2 49. Be2 Kxe4 50. g4 Ke3 51. Bf1 Bxg4 52. Kg3 Be2 0-1

[Event "*** MasterClass Titled Tuesday Blitz"]
[Site "Chess.com"]
[Date "2017.10.03"]
[Round "6"]
[White "IMVoja"]
[Black "MatthewG-p4p"]
[Result "1/2-1/2"]
[WhiteElo "2407"]
[BlackElo "2579"]
[TimeControl "180+2"]
[EndTime "14:24:36 PDT"]
[Termination "Game drawn by repetition"]

1. Nf3 Nf6 2. d4 c5 3. c3 b6 4.
Bf4 Bb7 5. e3 e6 6. Nbd2 Be7 7.
Bd3 O-O 8. h3 d6 9. O-O Nbd7 10.
Qe2 Qc7 11. a4 Rfe8 12. Nc4 Bf8 13. e4 e5 14. dxe5 Nxe5 15. Nfxe5 dxe5 16. Bg5 Qc6 17. f3 Nh5 18. Kh2 Qg6 19. Qe3 h6 20.
Bh4 Nf4 21. Rf2 Qh5 22. Bg3 Rad8 23. Bf1 Ng6 24. Rd2 Rxd2 25. Qxd2 Bc6 26. Ne3 Be7 27. Nf5 Qg5 28. Nxe7+ Qxe7 29. b3 Rd8 30. Qc2 Qd6 31.
Bc4 Qd2 32. Rc1 Kf8 33. Be1 Qf4+ 34. Bg3 Qd2 35. Be1 Qxc2 36. Rxc2 Rd1 37. Bg3 Ke7 38. Be2 Rb1 39. Bc4 a6 40. Rd2 Rc1 41. Bxa6 Rxc3 42.
Bc4 Bxa4 43. Bxf7 Kxf7 44. bxa4 Rc4 45. Rd7+ Kg8 46. Rd6 Kf7 47. Rxb6 Rxa4 48. Rb7+ Kg8 49. Rb6 Kf7 50. Rb7+ Kg8 51. Rb6 Kf7 52. Rc6 c4 53. Rc7+ Kg8 54. Rc6 Kf7 55. Rc7+ Kf6 56. Rc6+ Kf7 57. Rc7+ Kf6 58. Rc6+ Kf7 59. Rc7+ 1/2-1/2

[Event "*** MasterClass Titled Tuesday Blitz"]
[Site "Chess.com"]
[Date "2017.10.03"]
[Round "6"]
[White "Tesla37"]
[Black "Muisback26"]
[Result "0-1"]
[WhiteElo "2675"]
[BlackElo "2705"]
[TimeControl "180+2"]
[EndTime "14:24:39 PDT"]
[Termination "Muisback26 won by resignation"]

1. e4 c5 2. Nf3 d6 3. Nc3 Nf6 4. d4 cxd4 5. Qxd4 Nc6 6. Bb5 Bd7 7. Bxc6 Bxc6 8. Bg5 e6 9. Qd3 Be7 10. O-O-O Qa5 11.
h4 O-O 12. Nd4 Rfc8 13. f4 Be8 14. f5 Bd7 15. Nb3 Qe5 16. Rhf1 Bc6 17. Rde1 Qh2 18. Nd4 Bd7 19. Nf3 Qxg2 20. e5 dxe5 21. Bxf6 Bxf6 22.
Qxd7 e4 23. fxe6 exf3 24. Qxf7+ Kh8 25. e7 Re8 26. Nd5 f2 27. Rd1 Bxh4 28. a4 Rac8 29.
Kb1 Qg6 30. Qxg6 hxg6 31. Rd4 g5 32. Re4 Kg8 33. c4 b6 34. b3 Rc6 35. Kc2 Kf7 36.
Kd3 Rf6 37. Ke2 Rf5 38. a5 bxa5 39. Ra1 g4 40. Kf1 Bxe7 41. Rxa5 g3 42. Ra1 Bf6 43. Rxa7+ Kg6 44. Rg4+ Kh5 45. Rf4 Re1+ 46. Kg2 Rg1+ 47. Kh3 f1=Q+ 48. Rxf1 Rfxf1 49. Nxf6+ gxf6 0-1

[Event "*** MasterClass Titled Tuesday Blitz"]
[Site "Chess.com"]
[Date "2017.10.03"]
[Round "6"]
[White "Alexander_Donchenko"]
[Black "SerGo055"]
[Result "1-0"]
[WhiteElo "2576"]
[BlackElo "2416"]
[TimeControl "180+2"]
[EndTime "14:24:42 PDT"]
[Termination "Alexander_Donchenko won by checkmate"]

1. d4 Nf6 2. c4 c6 3. Nf3 d5 4.
Qc2 Bg4 5. Ne5 Bh5 6. cxd5 Nxd5 7. a3 e6 8. e4 Nf6 9. Be3 Nbd7 10. Nxd7 Qxd7 11. f3 Bg6 12. Bd3 Be7 13. Nc3 O-O 14.
O-O Rac8 15. Rfd1 Rfd8 16. b4 Qc7 17. Rac1 e5 18. dxe5 Qxe5 19. Bxa7 Bd6 20. g3 c5 21. Nb5 Bf8 22. bxc5 Ra8 23. Bb6 Rdc8 24. f4 Qh5 25. f5 Ra6 26. Qe2 Qxe2 27. Bxe2 Bh5 28. Bxh5 Nxh5 29.
Nd6 Rb8 30. Rc3 Nf6 31. e5 Ng4 32. Re1 f6 33. e6 Rxb6 34. e7 Bxe7 35. Rxe7 Rb1+ 36.
Kg2 Rb2+ 37. Kf3 Nxh2+ 38. Ke3 Ng4+ 39. Kd4 Ne5 40. Kd5 Nc6 41. Rc7 Rd2+ 42. Ke4 Ne5 43. Rxb7 Ra8 44. c6 Ra4+ 45. Rb4 Rxb4+ 46. axb4 Rxd6 47.
c7 g6 48. c8=Q+ Kg7 49. fxg6 Kxg6 50. Qg8+ Kh5 51. Qxh7+ Kg4 52. Qf5# 1-0

[Event "*** MasterClass Titled Tuesday Blitz"]
[Site "Chess.com"]
[Date "2017.10.03"]
[Round "6"]
[White "petrpalachev"]
[Black "Indianlad"]
[Result "1-0"]
[WhiteElo "2598"]
[BlackElo "2602"]
[TimeControl "180+2"]
[EndTime "14:24:46 PDT"]
[Termination "petrpalachev won on time"]

1. Nf3 Nf6 2. g3 g6 3. Bg2 Bg7 4. O-O O-O 5. d4 d5 6. c4 c6 7. Qb3 dxc4 8. Qxc4 Bf5 9. e3 Nbd7 10. Nc3 Qa5 11.
b4 Qb6 12. a3 e5 13. Bb2 e4 14. Nd2 Rfe8 15. a4 Qd8 16. a5 a6 17. Qb3 h5 18. h3 Nf8 19. Na4 N8h7 20. h4 g5 21. Nb6 Rb8 22. hxg5 Nxg5 23. Rac1 h4 24. Rc5 Be6 25.
Qc2 Bd5 26. gxh4 Ne6 27. Nxd5 cxd5 28. f3 exf3 29. Rxf3 Nxc5 30. dxc5 Ne4 31. Nxe4 dxe4 32. Rg3 f6 33. Bxe4 Qe7 34. Bh7+ Kf8 35. Bd4 Rbd8 36.
Qc3 Rd5 37. Kg2 Red8 38. c6 bxc6 39. Qc4 R8d6 40. e4 Bh6 41. Rg8+ Kf7 42. exd5 Rxd5 43. Qc2 f5 44. Rb8 Ke6 45. Qxc6+ 1-0

[Event "*** MasterClass Titled Tuesday Blitz"]
[Site "Chess.com"]
[Date "2017.10.03"]
[Round "6"]
[White "Krasimir_Rusev"]
[Black "yosephtaher"]
[Result "0-1"]
[WhiteElo "2529"]
[BlackElo "2580"]
[TimeControl "180+2"]
[EndTime "14:24:48 PDT"]
[Termination "yosephtaher won by resignation"]

1. d4 Nf6 2. Nf3 g6 3. Bf4 Bg7 4.
e3 d6 5. h3 O-O 6. Bh2 c5 7.
c3 b6 8. Nbd2 Bb7 9. Bd3 Nc6 10.
a3 Re8 11. O-O e5 12. e4 cxd4 13. cxd4 exd4 14. Re1 Ne5 15. Bb5 Nxf3+ 16. Qxf3 Re7 17. Rac1 a6 18. Bd3 Re8 19. Qf4 Bf8 20. Nf3 Nh5 21. Qd2 Bg7 22. Qb4 Nf6 23. Nd2 Bh6 24. Rcd1 a5 25.
Qxd4 d5 26. e5 Nd7 27. Nf3 Nc5 28. Bb5 Rf8 29. Bg3 Ne6 30. Qa4 Rc8 31. Bh4 Qc7 32.
Bf6 Bg7 33. Qh4 Qc2 34. Bxg7 Nxg7 35. Ng5 h5 36. Qd4 Qc5 37. a4 Qxd4 38. Rxd4 Ne6 39. Rd2 Nxg5 40. Re3 Rc1+ 41. Kh2 Ne6 42. Bd7 Rd8 43.
Bxe6 fxe6 44. Rg3 Kg7 45. Rd4 Rf8 46. f3 Rc2 47. b4 Rc4 48. Rd2 axb4 49. Rb2 Bc6 0-1

[Event "*** MasterClass Titled Tuesday Blitz"]
[Site "Chess.com"]
[Date "2017.10.03"]
[Round "6"]
[White "Paralinch"]
[Black "ArnaudovP"]
[Result "1/2-1/2"]
[WhiteElo "2679"]
[BlackElo "2481"]
[TimeControl "180+2"]
[EndTime "14:24:49 PDT"]
[Termination "Game drawn - insufficient material"]

1. e4 e5 2. Nf3 Nc6 3. Nc3 Nf6 4. a3 g6 5. Bc4 Bg7 6. d3 O-O 7. Bg5 h6 8. Be3 d6 9. h3 Be6 10. Qd2 Bxc4 11. dxc4 Kh7 12. O-O-O a6 13. g4 Nd7 14.
h4 Rb8 15. h5 g5 16. Nxg5+ hxg5 17. h6 Bf6 18. Nd5 Rg8 19. Rh5 Nd4 20. Kb1 b5 21. c3 Ne6 22. cxb5 axb5 23. Qe2 Ndc5 24. Qf3 Rg6 25. Qf5 Nd7 26. Bxg5 Nxg5 27. Rxg5 Bxg5 28.
Qxf7+ Kxh6 29. f4 exf4 30. Nxf4 Ne5 31. Rh1+ Bh4 32. Qf5 Qg5 33. Nxg6 Qxf5 34. gxf5 Nxg6 35. fxg6 Kg5 36. Kc2 Rg8 37. Rf1 Rxg6 38. Rf5+ Kg4 39. Rxb5 Bg3 40. a4 Be5 41. a5 c6 42. Rb6 Rg7 43. Rxc6 Kf4 44. Kd3 Rg3+ 45. Kc4 Kxe4 46. a6 d5+ 47. Kb5 Rg2 48. b4 Ra2 49. Kb6 Kd3 50. Kb7 Bxc3 51. b5 Bd4 52. b6 Bxb6 53. Rxb6 d4 54. a7 Rxa7+ 55. Kxa7 Ke2 56. Re6+ Kf2 57.
Rd6 Ke3 58. Kb6 d3 59. Kc5 d2 60. Kc4 Ke2 61. Re6+ Kf1 62. Rd6 Ke2 63. Rxd2+ Kxd2 1/2-1/2

[Event "*** MasterClass Titled Tuesday Blitz"]
[Site "Chess.com"]
[Date "2017.10.03"]
[Round "6"]
[White "DiogenesSinopeus"]
[Black "SabinaFoisor"]
[Result "0-1"]
[WhiteElo "2344"]
[BlackElo "2296"]
[TimeControl "180+2"]
[EndTime "14:24:50 PDT"]
[Termination "SabinaFoisor won by resignation"]

1. d4 d5 2. c4 e6 3. Nc3 Nf6 4. cxd5 exd5 5. Bg5 Be7 6. e3 O-O 7. Bd3 h6 8. Bh4 Ne4 9. Bxe7 Qxe7 10. Nxd5 Qh4 11.
g3 Nxg3 12. fxg3 Qg5 13. Nxc7 Qa5+ 14. Qd2 Qxc7 15. Rc1 Qe7 16. Nf3 Bh3 17. Kf2 Nc6 18. Rhe1 Rae8 19. a3 Qf6 20. Be2 Rd8 21. Kg1 Rfe8 22.
Rc3 a6 23. Qd1 Ne7 24. Bf1 Bg4 25. Bg2 Nd5 26. e4 Nxc3 27. bxc3 Qc6 28. Qd3 Bxf3 29.
Qxf3 Rc8 30. Re3 Qb5 31. h4 Rc6 32. e5 Rg6 33. Qxb7 Qxb7 34. Bxb7 Rb6 35. Bd5 Rb1+ 36.
Kf2 Rb2+ 37. Kf3 Kf8 38. Ke4 f6 39. e6 Ke7 40. c4 g6 41. g4 Rf2 42. c5 f5+ 43. gxf5 Rxf5 44. Bc4 Kf6 45. d5 a5 46. Rf3 Rxf3 47. Kxf3 Rc8 48. c6 Ke5 49. Ba6 Rb8 50.
e7 Kd6 51. Bb7 Re8 52. Ba6 Rxe7 53. Bd3 g5 54. hxg5 hxg5 55. Kg4 Re5 56. Bc4 Re4+ 0-1

[Event "*** MasterClass Titled Tuesday Blitz"]
[Site "Chess.com"]
[Date "2017.10.03"]
[Round "6"]
[White "VojtechPlat"]
[Black "Oneofmyturns"]
[Result "1/2-1/2"]
[WhiteElo "2681"]
[BlackElo "2583"]
[TimeControl "180+2"]
[EndTime "14:24:52 PDT"]
[Termination "Game drawn by agreement"]

1. e4 c5 2. Nf3 d6 3. d4 cxd4 4. Qxd4 a6 5. e5 Nc6 6. Qa4 Bd7 7. exd6 e5 8. Qb3 Bxd6 9. Bc4 Qe7 10. Bg5 f6 11.
Bxg8 fxg5 12. Bxh7 O-O-O 13. Be4 g4 14. Nfd2 Kb8 15.
Nc3 Be6 16. Nd5 Qf7 17. c4 Nd4 18. Qd3 Rdf8 19. O-O-O Qxf2 20. Rdf1 Qe2 21. Qxe2 Nxe2+ 22. Kd1 Nd4 23. Ne3 Rf4 24. Bd5 Bc8 25. g3 Rxf1+ 26. Nexf1 Be7 27. Ne4 Kc7 28. Ne3 Nf3 29. Nc3 Bc5 30.
Bxf3 gxf3 31. Ke1 Be6 32. Ncd5+ Kc6 33. Kf2 e4 34. Nc3 Bf5 35. b3 g5 36. h4 g4 37.
Rd1 Bg6 38. Nd5 b5 39. Nf4 Bf7 40. cxb5+ axb5 41. Rc1 Kb6 42. b4 Bxb4 43. Nfd5+ Bxd5 44. Nxd5+ Ka5 45. Rc7 Ra8 46. h5 Bd2 47. Re7 e3+ 48.
Nxe3 Bxe3+ 49. Rxe3 Rd8 50. Re4 Rd2+ 51. Ke1 Rxa2 52.
Rxg4 Rh2 53. Rf4 Rxh5 54. Rxf3 b4 55. Kf2 Ka4 1/2-1/2

[Event "*** MasterClass Titled Tuesday Blitz"]
[Site "Chess.com"]
[Date "2017.10.03"]
[Round "6"]
[White "Margency"]
[Black "AdrianaNikolova"]
[Result "1-0"]
[WhiteElo "2521"]
[BlackElo "2397"]
[TimeControl "180+2"]
[EndTime "14:24:58 PDT"]
[Termination "Margency won by resignation"]

1. e4 c5 2. Nf3 Nc6 3. d4 cxd4 4. Nxd4 d6 5. Nc3 Nf6 6. Bg5 e6 7. Qd2 a6 8. O-O-O h6 9. Be3 Bd7 10. f3 Rc8 11. Kb1 Ne5 12. g4 b5 13. Bd3 Nc4 14. Bxc4 bxc4 15. h4 Bc6 16. g5 Nd7 17. g6 Nc5 18.
gxf7+ Kxf7 19. Qg2 Be7 20. Rhg1 Bf6 21. Qg6+ Ke7 22.
Nf5+ exf5 23. Bxc5 Be8 24. Nd5+ Kf8 25. Qxf5 Rxc5 26.
e5 dxe5 27. Nf4 exf4 28. Qxc5+ Qe7 29. Qxc4 Qe5 30. Qb4+ Kg8 31. Rde1 Qb5 32. Qa3 Kh7 33. c3 Qd3+ 34. Ka1 Bg6 35. Qb4 Rc8 36. Rd1 Qxf3 37.
Rdf1 Qd3 38. Rd1 Qc2 39. Rc1 Qh2 40. Rxg6 Kxg6 41. Qe4+ Kf7 42. Qb7+ Be7 43. Qxc8 Qxh4 44. Qxa6 Qg5 45. Qc4+ Kg6 46. Rf1 Bd6 47. Qd3+ Qf5 48.
Qxd6+ Kh7 49. Qxf4 Qc2 50. Qf5+ 1-0

[Event "*** MasterClass Titled Tuesday Blitz"]
[Site "Chess.com"]
[Date "2017.10.03"]
[Round "6"]
[White "NTBT_DHS"]
[Black "swayamsm"]
[Result "1-0"]
[WhiteElo "2522"]
[BlackElo "2490"]
[TimeControl "180+2"]
[EndTime "14:25:00 PDT"]
[Termination "NTBT_DHS won by checkmate"]

1. d4 Nf6 2. c4 e6 3. Nf3 b6 4. g3 Bb7 5. Bg2 Bb4+ 6. Nc3 Ne4 7.
Bd2 Bxc3 8. bxc3 Nxd2 9. Qxd2 O-O 10. O-O d6 11. Rfe1 Nc6 12. Qd3 Na5 13. Nd2 Bxg2 14.
Kxg2 c5 15. Rad1 Qc7 16. d5 e5 17. e4 Qd7 18. Rb1 Qa4 19. Rb2 Rae8 20. g4 Re7 21. h4 Rb8 22. Re3 Reb7 23. h5 b5 24. cxb5 Rxb5 25.
Rxb5 Rxb5 26. h6 c4 27. Qe2 Qxa2 28. g5 Rb2 29. Qg4 Rb8 30. Nf3 Qa4 31. hxg7 Nb3 32.
Nh4 Nd2 33. Nf5 Qa1 34. Qe2 Rb2 35. Nxd6 Nxe4 36. Nxe4 Rxe2 37. Rxe2 Qd1 38. Nf6+ Kxg7 39. Rxe5 a5 40. d6 h6 41. Rd5 Qe2 42. d7 hxg5 43. d8=Q Kg6 44. Qg8+ Kxf6 45. Qxg5+ Ke6 46. Qf5+ Ke7 47. Rd7+ Ke8 48. Qxf7# 1-0

[Event "*** MasterClass Titled Tuesday Blitz"]
[Site "Chess.com"]
[Date "2017.10.03"]
[Round "6"]
[White "Rbrrt"]
[Black "Laico"]
[Result "1-0"]
[WhiteElo "2285"]
[BlackElo "2125"]
[TimeControl "180+2"]
[EndTime "14:25:01 PDT"]
[Termination "Rbrrt won on time"]

1. e4 e6 2. d4 d5 3. Nc3 Nf6 4. e5 Nfd7 5. f4 c5 6. Nf3 Nc6 7. Be3 cxd4 8. Nxd4 Bc5 9. Qd2 O-O 10. O-O-O a6 11. Qf2 Qe7 12. Kb1 Nxd4 13. Bxd4 b5 14. Bd3 b4 15. Na4 Bxd4 16. Qxd4 Bb7 17. f5 Bc6 18. f6 Qd8 19. Nb6 g6 20. Nxd7 Qxd7 21.
Qh4 Kh8 22. Qh6 Rg8 23. h4 Bb5 24. Be4 Qc7 25. h5 dxe4 26. hxg6 fxg6 27. Rh4 Be2 28. Rdh1 Bh5 29. g4 Rac8 30. R4h2 Qxe5 31. gxh5 g5 32.
f7 Rg7 33. Rf2 Rf8 34. Re1 Rgxf7 35. Rfe2 Rf1 36. a3 Kg8 37. axb4 e3 38. Ka2 Rxe1 39.
Rxe1 e2 40. Rg1 Rf5 41. Re1 Rf1 42. Rxe2 Qxe2 43. Qxg5+ Kf7 44. h6 Qc4+ 45. Ka3 Qd4 46. c3 Rf3 47. Qh5+ Ke7 48. Qxf3 Qd5 49. Qf1 1-0

[Event "*** MasterClass Titled Tuesday Blitz"]
[Site "Chess.com"]
[Date "2017.10.03"]
[Round "6"]
[White "nubair1198"]
[Black "chess2matters"]
[Result "0-1"]
[WhiteElo "2417"]
[BlackElo "2326"]
[TimeControl "180+2"]
[EndTime "14:25:04 PDT"]
[Termination "chess2matters won by resignation"]

1. d4 d5 2. c4 c6 3. cxd5 cxd5 4. Bf4 Nf6 5. Nc3 Nc6 6. e3 Bf5 7. Qb3 Na5 8. Qa4+ Bd7 9. Qc2 e6 10. Nf3 Rc8 11. Bd3 Nc6 12. a3 Be7 13. h3 O-O 14.
O-O h6 15. Rfc1 Nh5 16. Bh2 f5 17. Qe2 Nf6 18. Ne5 Nxe5 19. Bxe5 Ne4 20. Nxe4 fxe4 21. Bb5 a6 22. Rxc8 Qxc8 23. Bxd7 Qxd7 24. Rc1 Rc8 25. Rxc8+ Qxc8 26. Qg4 Bf8 27. Kh2 Qd7 28. f3 exf3 29.
gxf3 Bd6 30. f4 Bxe5 31. fxe5 Qf7 32. Kg3 g6 33. e4 dxe4 34. Qxe4 Kg7 35. h4 Qd7 36.
Qf4 Qf7 37. Qe4 Qd7 38. a4 Qc6 39. Qf4 Qd7 40. Qf6+ Kh7 41. Qf4 Kg7 42. a5 Qf7 43. Qe4 Qc7 44. Qf4 Qf7 45. Qc1 Qd7 46. Qc5 Kf7 47.
Kf4 Qe7 48. Qc8 Qxh4+ 49. Ke3 Qg3+ 50. Kd2 Qf2+ 51. Kd3 Qf3+ 52. Kc4 Qc6+ 53. Qxc6 bxc6 54. Kc5 g5 55. Kxc6 g4 56. d5 Ke7 57. d6+ Kd8 58.
b4 g3 59. b5 g2 60. b6 g1=Q 61. Kb7 Qg2+ 62. Ka7 Kc8 63. d7+ Kxd7 64. b7 Qf2+ 65. Ka8 Qf3 66. Ka7 Qe3+ 67. Kxa6 Kc7 68. b8=Q+ Kxb8 69. Kb5 Qxe5+ 70. Kc6 Qd5+ 71. Kb6 Qd6+ 72. Kb5 Kb7 73.
a6+ Qxa6+ 74. Kc5 Qc6+ 75. Kd4 Qd5+ 0-1

[Event "*** MasterClass Titled Tuesday Blitz"]
[Site "Chess.com"]
[Date "2017.10.03"]
[Round "6"]
[White "TryingToGetBetter94"]
[Black "pastouche06"]
[Result "0-1"]
[WhiteElo "2290"]
[BlackElo "2284"]
[TimeControl "180+2"]
[EndTime "14:25:09 PDT"]
[Termination "pastouche06 won on time"]

1. d4 Nf6 2. c4 e6 3. Nc3 c5 4.
d5 exd5 5. cxd5 d6 6. Nf3 g6 7. Nd2 Bg7 8. e4 O-O 9. Be2 b6 10. O-O Ba6 11. Bxa6 Nxa6 12. Nc4 Nc7 13. Bf4 Nfe8 14.
Re1 b5 15. Na5 b4 16. Nc6 Qd7 17. Na4 Nb5 18. Qd3 Nd4 19. Rac1 Nxc6 20. dxc6 Qxc6 21. b3 Rd8 22. e5 Qc8 23. exd6 Bd4 24. Qxd4 cxd4 25.
Rxc8 Nxd6 26. Rxd8 Rxd8 27. Bg5 Rc8 28. Bf6 Nb5 29.
Nc5 h6 30. h4 g5 31. h5 Nd6 32.
Bxd4 Nf5 33. Bf6 Kh7 34. Na6 Rc6 35. Nxb4 Rxf6 36. g3 Nd4 37. Kg2 Rb6 38. Nd5 Ra6 39. a4 Nxb3 40. Re7 Kg7 41. Nc3 Nc5 42. Re1 Nxa4 43.
Ne4 Re6 44. g4 Nc3 45. f3 Nxe4 46. fxe4 Kf6 47. Kf3 Ra6 48. Re3 Ke5 49. Rb3 Ra5 50. Rc3 f6 51. Rb3 Rc5 52. Re3 a5 53. Kg3 a4 54.
Rf3 Ke6 55. Re3 Rb5 56. Kg2 Rb2+ 57. Kf1 Rb3 58. Re2 Ke5 59. Rf2 Kxe4 60. Rxf6 Rf3+ 61. Rxf3 Kxf3 0-1

[Event "*** MasterClass Titled Tuesday Blitz"]
[Site "Chess.com"]
[Date "2017.10.03"]
[Round "6"]
[White "BogdanDeac"]
[Black "TheFlaminGM"]
[Result "1-0"]
[WhiteElo "2644"]
[BlackElo "2580"]
[TimeControl "180+2"]
[EndTime "14:25:20 PDT"]
[Termination "BogdanDeac won by resignation"]

1. d4 d6 2. Nf3 g6 3. e4 Nf6 4. Bd3 Bg7 5. O-O O-O 6. c3 Nbd7 7. Re1 e5 8. h3 b6 9. a4 a6 10.
Nbd2 Bb7 11. d5 Nh5 12. Nf1 Nf4 13. Bc2 h5 14. h4 Nf6 15. Ng5 Bc8 16. Nh2 Nh7 17. Nxh7 Kxh7 18. g3 Nh3+ 19. Kg2 Bh6 20. Rh1 Qf6 21. Nf3 Bxc1 22. Rxc1 Kg7 23. Rxh3 Bxh3+ 24. Kxh3 Qe7 25. Ng5 a5 26. Kg2 Qd7 27. Bd3 Qe7 28. Bb5 Kh8 29. Bd3 f6 30. Ne6 Rf7 31.
b4 c5 32. bxa5 bxa5 33. Rb1 Rg8 34. Rb6 g5 35. hxg5 Rh7 36. g6 Rxg6 37. Rb8+ Rg8 38. Rxg8+ Kxg8 39. Kh3 Qf7 40. Qb1 Rh8 41. Qb8+ Kh7 42.
Qxd6 h4 43. g4 Kg6 44. f4 c4 45. Bxc4 Qa7 46. f5+ Kh6 47. g5+ Kh7 48. Kh2 Qf2+ 49. Kh1 Qe1+ 50. Kg2 Qxe4+ 51. Kf2 Qc2+ 52. Be2 Qxf5+ 53.
Kg1 Kg6 54. Qe7 Qb1+ 55. Kh2 fxg5 56. Qxg5+ Kf7 57. Qg7+ 1-0

[Event "*** MasterClass Titled Tuesday Blitz"]
[Site "Chess.com"]
[Date "2017.10.03"]
[Round "6"]
[White "HanSchut"]
[Black "ehrenfeld"]
[Result "1/2-1/2"]
[WhiteElo "2227"]
[BlackElo "2333"]
[TimeControl "180+2"]
[EndTime "14:25:22 PDT"]
[Termination "Game drawn by agreement"]

1. e4 e5 2. Nf3 Nc6 3. Bc4 Nf6 4. d4 exd4 5. e5 d5 6. Bb5 Ne4 7. Nxd4 Bd7 8. Bxc6 bxc6 9. Be3 c5 10. Nb3 d4 11.
Bf4 Bc6 12. O-O Be7 13. N1d2 Nxd2 14. Qxd2 O-O 15. f3 Qd7 16. Rad1 Rad8 17. c3 d3 18. c4 Qf5 19. Qe3 Rfe8 20. Rd2 Bf8 21. Rfd1 f6 22.
Rxd3 Rxd3 23. Rxd3 fxe5 24. Bg3 e4 25. fxe4 Rxe4 26.
Qf2 Qxf2+ 27. Kxf2 Rxc4 28. Rd8 Kf7 29. Bxc7 Rc2+ 30.
Rd2 Rxd2+ 31. Nxd2 Bd5 32. b3 Ke6 33. g3 Be7 34.
Ke3 Bf6 35. Ne4 Bd4+ 36. Kf4 h6 37. h4 a6 38. Bb6 Bxe4 39. Kxe4 Bf2 40. Bc7 Kd7 41.
Be5 h5 42. Kf5 Kc6 43. Bxg7 Bxg3 44. Kg5 Kd5 45. Kxh5 Ke4 46. Kg5 Bxh4+ 47. Kxh4 Kd3 48. Bf8 c4 49. b4 c3 50. a4 Kc4 51. b5 axb5 52. a5 Kd5 53. a6 Kc6 54. Kg3 c2 55. Ba3 b4 56. Bb2 Kb6 57. Kf3 Kxa6 58. Ke3 Kb5 59.
Kd2 Kc4 1/2-1/2

[Event "*** MasterClass Titled Tuesday Blitz"]
[Site "Chess.com"]
[Date "2017.10.03"]
[Round "6"]
[White "dtn70"]
[Black "pultineviciuspaulius"]
[Result "1-0"]
[WhiteElo "2318"]
[BlackElo "2414"]
[TimeControl "180+2"]
[EndTime "14:25:26 PDT"]
[Termination "dtn70 won by resignation"]

1. e4 e5 2. Nf3 Nc6 3. Bb5 a6 4. Bxc6 dxc6 5. O-O Ne7 6. b3 Ng6 7. Bb2 Bg4 8. h3 h5 9. d3 Qf6 10. Nbd2 Bc5 11. Nc4 O-O-O 12. Ne3 Bxf3 13. Qxf3 Qxf3 14. gxf3 Nh4 15. Nf5 Nxf5 16. exf5 f6 17. h4 Bd4 18. c3 Bb6 19. Rad1 g6 20. fxg6 Rhg8 21. Kh2 Rxg6 22. Rg1 Rxg1 23. Kxg1 Kd7 24. f4 Rg8+ 25. Kf1 Rg4 26. fxe5 fxe5 27. Re1 Kd6 28. Re4 Rg8 29. Ke2 Rg2 30. d4 exd4 31. cxd4 Rg6 32. Re5 Re6 33. f4 Rxe5+ 34. fxe5+ Kd5 35. Kf3 c5 36. dxc5 Bxc5 37. Kf4 Be7 38. Kg3 Ke4 39. Bc3 Kd3 40. Bb2 Kc2 41. Bd4 Kd3 42. Bb2 c5 43. Bc1 Ke4 44. Bg5 Bxg5 45. hxg5 Kf5 46. Kh4 Kg6 47. e6 b5 48. e7 Kf7 49. Kxh5 Kxe7 50. Kg4 Ke6 51. Kf4 Kf7 52. Kf5 Kg7 53. Ke5 Kg6 54. Kd5 c4 55.
bxc4 bxc4 56. Kxc4 Kxg5 57. Kc5 Kf6 58. Kb6 Ke7 59.
Kxa6 Kd6 60. Kb6 Kd7 61. Kb7 1-0

[Event "*** MasterClass Titled Tuesday Blitz"]
[Site "Chess.com"]
[Date "2017.10.03"]
[Round "6"]
[White "Kawhi_Leonard2"]
[Black "Gudmundur_Kjartansson"]
[Result "1/2-1/2"]
[WhiteElo "2245"]
[BlackElo "2303"]
[TimeControl "180+2"]
[EndTime "14:25:29 PDT"]
[Termination "Game drawn by agreement"]

1. e4 c6 2. d4 d5 3. Nc3 dxe4 4. Nxe4 Bf5 5. Ng3 Bg6 6. h4 h6 7. Nf3 Nd7 8. h5 Bh7 9. Bd3 Bxd3 10. Qxd3 e6 11.
Bd2 Ngf6 12. O-O-O Be7 13. Kb1 O-O 14. Ne4 Nxe4 15. Qxe4 Nf6 16. Qe2 Qd5 17. Be3 Rfd8 18. Ne5 Nd7 19. Nd3 Bf6 20. g4 e5 21. dxe5 Nxe5 22. Nc5 Qc4 23. Qxc4 Nxc4 24. Bc1 b6 25. Ne4 Be7 26. f4 f5 27. gxf5 Kf7 28. b3 Nd6 29. Nxd6+ Rxd6 30. Rxd6 Bxd6 31. Rd1 Rd8 32. Bb2 Bc7 33. Rg1 Rg8 34. Be5 Bxe5 35. fxe5 Rd8 36. e6+ Kf6 37. Rg6+ Kxf5 38. e7 Rd1+ 39. Kb2 Re1 40.
Rxg7 Re6 41. Rg6 Rxe7 42. Rxh6 c5 43. a4 Re4 44. Rh7 Rh4 45. Kc3 Ke5 46. Rxa7 Rxh5 47. Kc4 Rh4+ 48. Kb5 Rb4+ 49. Kc6 c4 50. bxc4 Rxc4+ 51. Kxb6 Kd6 52. Ra8 Rb4+ 53. Ka5 Rc4 54. Rd8+ Kc7 55.
Rd5 Rxc2 56. Rb5 Rc4 1/2-1/2